 Dungeon Crawl Stone Soup version 0.19-a0-994-g3c636f0 (webtiles) character file.

6533 Gruud the Basher (level 10, -7/73 HPs)
             Began as a Demonspawn Gladiator on July 16, 2016.
             Was an Elder of Kikubaaqudgha.
             Mangled by a komodo dragon (25 damage)
             ... on level 1 of the Lair of Beasts.
             The game lasted 00:30:52 (5940 turns).

Gruud the Basher (Demonspawn Gladiator)             Turns: 5940, Time: 00:30:52

Health: -7/73      AC:  7    Str: 13    XL:     10   Next: 69%
Magic:  16/16      EV: 14    Int: 13    God:    Kikubaaqudgha [****..]
Gold:   431        SH:  0    Dex: 14    Spells: 2 memorised, 2 levels left

rFire  + . .     SeeInvis .     a - +6 flail of Awkwardness {drain, +Rage rC++}
rCold  + + +     Gourm    .     C - +1 leather armour of the Gloaming {rElec rF+ rC+}
rNeg   . . .     Faith    +     (no shield)
rPois  .         Spirit   .     (helmet restricted)
rElec  +         Dismiss  .     (no cloak)
rCorr  .         Reflect  .     (no gloves)
SustAt .         Harm     .     (no boots)
MR     .....     Clarity  +     J - amulet of faith
Stlth  +.........               (no ring)
                                (no ring)

@: not resistant to hostile enchantments, very unstealthy
A: claws 1, horns 1, thin metallic scales 2, blurry vision 1, clarity, demonic
guardian 1, high mp 1, robust 1, weak 1, rot immunity
a: Receive Corpses, Renounce Religion, Evoke Berserk Rage


You were on level 1 of the Lair of Beasts.
You worshipped Kikubaaqudgha.
Kikubaaqudgha was greatly pleased with you.
You were not hungry.

You visited 2 branches of the dungeon, and saw 10 of its levels.

You collected 461 gold pieces.
You spent 30 gold pieces at shops.

Inventory:

Hand Weapons
 a - the +6 flail of Awkwardness (weapon) {drain, +Rage rC++}
   (You found it on level 5 of the Dungeon)

   A truly terrible weapon, it drains the life of those it strikes.
   It greatly protects you from cold.
   It lets you go berserk.
 b - a +0 whip of electrocution
Missiles
 d - 3 throwing nets
 e - 2 javelins (quivered)
 s - 28 poisoned needles
Armour
 c - a +0 helmet
 C - the +1 leather armour of the Gloaming (worn) {rElec rF+ rC+}
   (You found it on level 5 of the Dungeon)

   It protects you from fire.
   It protects you from cold.
   It insulates you from electricity.
 Q - a +0 buckler
Jewellery
 v - an uncursed amulet of regeneration
 G - an uncursed ring of ice
 J - an amulet of faith (around neck)
Wands
 j - a wand of lightning (8/15)
 x - a wand of confusion (3/48)
 D - a wand of disintegration (9/24)
 R - a wand of iceblast (0/15)
 S - a wand of iceblast (3/15)
Scrolls
 h - 2 scrolls of blinking
 k - a scroll of enchant weapon {unknown}
 l - 3 scrolls of magic mapping
 m - 4 scrolls of teleportation
 n - a scroll of noise {unknown}
 o - a scroll of immolation {unknown}
 u - a scroll of enchant armour {unknown}
 y - 8 scrolls of remove curse
 E - 3 scrolls of identify
 F - a scroll of fear {unknown}
 L - 2 scrolls of fog {unknown}
Potions
 i - a potion of cancellation
 p - a potion of brilliance
 t - 2 potions of lignification
 w - 4 potions of agility
 z - 3 potions of curing
 B - a potion of magic
 H - a potion of heal wounds
 M - a potion of ambrosia
Books
 r - Kikubaaqudgha's Compendium of Evil Rituals
   (Kikubaaqudgha gifted it to you on level 6 of the Dungeon)

   Spells                             Type                      Level
   a - Pain                           Necromancy                   1
   b - Corpse Rot                     Necromancy                   2
   c - Sublimation of Blood           Necromancy                   2
   d - Regeneration                   Charms/Necromancy            3
   e - Control Undead                 Necromancy                   4
 I - a book of Enchantments

   Spells                             Type                      Level
   a - Cause Fear                     Hexes                        4
   b - Yara's Violent Unravelling     Hexes/Transmutation          5
   c - Silence                        Hexes/Air                    5
   d - Deflect Missiles               Charms/Air                   6
   e - Haste                          Charms                       6
   f - Discord                        Hexes                        8
 K - a book of Clouds

   Spells                             Type                      Level
   a - Mephitic Cloud                 Conjuration/Poison/Air       3
   b - Conjure Flame                  Conjuration/Fire             3
   c - Poisonous Cloud                Conjuration/Poison/Air       6
   d - Freezing Cloud                 Conjuration/Ice/Air          6
   e - Ring of Flames                 Charms/Fire                  7
 O - Kikubaaqudgha's Almanac of Darkness
   (Kikubaaqudgha gifted it to you on level 9 of the Dungeon)

   Spells                             Type                      Level
   a - Animate Dead                   Necromancy                   4
   b - Bolt of Draining               Conjuration/Necromancy       5
   c - Agony                          Necromancy                   5
   d - Dispel Undead                  Necromancy                   5
   e - Simulacrum                     Ice/Necromancy               6
Comestibles
 f - 6 bread rations
 g - 4 meat rations
 q - 2 royal jellies
 A - 3 beef jerkies
 N - 15 chunks of flesh


   Skills:
 - Level 2.0 Fighting
 * Level 12.4 Maces & Flails
 - Level 1.7 Throwing
 + Level 4.1 Armour
 + Level 5.1 Dodging
 - Level 6.1 Evocations


You had 2 spell levels left.
You knew the following spells:

 Your Spells              Type           Power        Failure   Level  Hunger
a - Regeneration          Chrm/Necr      #.........   92%         3    ####...
b - Animate Dead          Necr           N/A          100%        4    #####..


Dungeon Overview and Level Annotations

Branches:
Dungeon (9/15)               Lair (1/6) D:9
 Temple: D:4-7          Orc: D:9-12

Altars:
Cheibriados
Dithmenos
Hepliaklqana
Kikubaaqudgha
Makhleb
Ru
Vehumet
Beogh

Shops:
D:4 ?:   D:7 :

Annotations:
D:4 CypherZel's ghost, amateur DsGl; Eustachio


Innate Abilities, Weirdness & Mutations

You have sharp fingernails.
You are mostly covered in thin metallic scales. (AC +3)
A weak demonic guardian rushes to your aid.
You are immune to rotting.
You have a pair of small horns on your head.
Scrolls take you a little longer to read.
You possess an exceptional clarity of mind.
You have an increased reservoir of magic. (+10% MP)
You are robust. (+10% HP)
You are weak. (Str -2)


Message History

You kill the river rat!
Kikubaaqudgha accepts your kill.
Evoke which item? (* to show all) (? for menu, Esc to quit)
Zapping:
x - a wand of confusion {zapped: 3} (will waste charges)
Press: ? - help, Shift-Dir - straight line, f - komodo dragon
Aim: a komodo dragon (chance to defeat MR: 41%)
The komodo dragon resists with some effort.
Evoking this partially-identified wand wasted a few charges.
The komodo dragon closely misses you.
Evoke which item? (* to show all) (? for menu, Esc to quit)
Zapping:
x - a wand of confusion {zapped: 6} (will waste charges)
Press: ? - help, Shift-Dir - straight line, f/p - komodo dragon
Aim: a komodo dragon (chance to defeat MR: 41%)
The komodo dragon resists with some effort.
Evoking this partially-identified wand wasted a few charges.
The komodo dragon bites you!!
* * * LOW HITPOINT WARNING * * *
The komodo dragon bites you!!
You die...
Kikubaaqudgha rasps: "You have failed me!
Welcome... death!"

#................... .....
#.##.###P###.....##. .....
#.####.####P....##### .....
#.##......##....##..#### ....#
##.##......##....##.....##....#
#..##............##......†.....
##..#......##....#......P#....#
#.##......##.....#.....##....#
#......../...@l........# .....
#.P###..##.#...5.P#.#.## .....
#.###..#####....###.#.# .....
#....... .............. .....
###############.#######. ####.
### ##


You could see a komodo dragon and a friendly crimson imp.

Vanquished Creatures
  The ghost of CypherZel the Skirmisher, a novice VSFi of Trog (D:8)
  A black mamba (Lair:1)
  Psyche (D:9)
  A rime drake (Lair:1)
  A komodo dragon (Lair:1)
  A two-headed ogre (D:9)
  Prince Ribbit (D:9)
  A hippogriff (Lair:1)
  2 hell hounds (D:9)
  A water moccasin (Lair:1)
  3 ice beasts
  2 orc warriors (D:9)
  A porcupine (Lair:1)
  2 phantoms
  3 sky beasts
  3 centaurs
  A wolf (Lair:1)
  3 ogres
  2 crocodiles
  2 giant frogs
  A wyvern zombie (D:6)
  A scorpion (D:6)
  6 killer bees (D:9)
  2 howler monkeys
  2 crimson imps
  2 jellies (D:7)
  3 hounds
  3 orc priests
  2 quasits
  6 orc wizards
  2 giant frog skeletons (D:6)
  An iguana (Lair:1)
  3 worker ants
  A hound zombie (D:9)
  A hound skeleton (D:5)
  A howler monkey zombie (D:8)
  4 adders
  5 river rats (Lair:1)
  An ooze (D:2)
  An adder zombie (D:5)
  3 worms (D:2)
  A dart slug (D:2)
  7 giant geckos
  31 orcs
  A ball python (D:6)
  4 bats
  A giant cockroach (D:2)
  3 goblins
  7 hobgoblins
  20 jackals
  A quokka (D:8)
  5 giant newts
  6 kobolds
  A quokka skeleton (D:4)
  7 rats
179 creatures vanquished.

Vanquished Creatures (collateral kills)
  A hydra (Lair:1)
  A hippogriff (Lair:1)
  A centaur (D:6)
  A big kobold (D:8)
  2 giant frogs
  A centaur skeleton (D:9)
  A worker ant (D:5)
  An adder (D:6)
  9 orcs
18 creatures vanquished.

Grand Total: 197 creatures vanquished

Notes
Turn   | Place    | Note
-------+----------+-------------------------------------------
     0 | D:1      | Gruud the Demonspawn Gladiator began the quest for the Orb.
     0 | D:1      | Reached XP level 1. HP: 16/16 MP: 1/1
    92 | D:1      | Reached skill level 3 in Maces & Flails
   190 | D:1      | Gained mutation: You are partially covered in thin metallic scales. (AC +2) [demonic ancestry]
   190 | D:1      | Reached XP level 2. HP: 16/22 MP: 2/2
   675 | D:2      | Gained mutation: You are immune to rotting. [demonic ancestry]
   675 | D:2      | Reached XP level 3. HP: 14/27 MP: 3/3
   962 | D:2      | Reached skill level 4 in Maces & Flails
   967 | D:2      | Found a hazy altar of Hepliaklqana.
   967 | D:2      | Found a sacrificial altar of Ru.
  1003 | D:2      | Found a radiant altar of Vehumet.
  1018 | D:2      | Found a burning altar of Makhleb.
  1021 | D:2      | Found an ancient bone altar of Kikubaaqudgha.
  1041 | D:2      | Became a worshipper of Kikubaaqudgha
  1255 | D:4      | Noticed CypherZel's ghost (amateur DsGl)
  1348 | D:3      | Gained mutation: A weak demonic guardian rushes to your aid. [demonic ancestry]
  1348 | D:3      | Reached XP level 4. HP: 33/33 MP: 4/4
  1551 | D:4      | Found Zayrimp's Book Boutique.
  1582 | D:4      | Found Aduik's Magic Scroll Shoppe.
  1599 | D:4      | Bought a scroll of teleportation for 30 gold pieces
  1694 | D:4      | Noticed Eustachio
  1791 | D:5      | Entered Level 5 of the Dungeon
  1802 | D:5      | Got a heavily runed leather armour
  1813 | D:5      | Identified the +1 leather armour of the Gloaming {rElec rF+ rC+} (You found it on level 5 of the Dungeon)
  1946 | D:5      | Noticed a sky beast
  1977 | D:5      | Killed a sky beast
  1977 | D:5      | Reached skill level 5 in Maces & Flails
  1977 | D:5      | Reached XP level 5. HP: 16/38 MP: 5/5
  1989 | D:5      | Gained mutation: You possess an exceptional clarity of mind. [mutagenic meat]
  1992 | D:5      | Gained mutation: Scrolls take you a little longer to read. [mutagenic meat]
  1995 | D:5      | Gained mutation: You have an increased reservoir of magic. (+10% MP) [mutagenic meat]
  2041 | D:5      | Got a jewelled flail
  2042 | D:5      | Identified the +6 flail of Awkwardness {drain, +Rage rC++} (You found it on level 5 of the Dungeon)
  2066 | D:5      | Noticed a centaur
  2072 | D:5      | Killed a centaur
  2072 | D:5      | Reached skill level 6 in Maces & Flails
  2075 | D:5      | Reached XP level 6. HP: 19/44 MP: 6/6
  2288 | D:5      | Reached skill level 7 in Maces & Flails
  2396 | D:5      | Found a shadowy altar of Dithmenos.
  2584 | D:6      | Reached XP level 7. HP: 50/50 MP: 6/8
  2590 | D:6      | Reached * piety under Kikubaaqudgha
  2590 | D:6      | Received a gift from Kikubaaqudgha
  2591 | D:6      | Identified Kikubaaqudgha's Compendium of Evil Rituals (Kikubaaqudgha gifted it to you on level 6 of the Dungeon)
  2600 | D:6      | Reached skill level 1 in Evocations
  2609 | D:6      | Learned a level 3 spell: Regeneration
  2709 | D:6      | Reached skill level 8 in Maces & Flails
  2730 | D:6      | Gained mutation: You have sharp fingernails. [demonic ancestry]
  2730 | D:6      | Reached XP level 8. HP: 14/56 MP: 9/11
  2743 | D:6      | Gained mutation: You are frail. (-10% HP) [mutagenic meat]
  2749 | D:6      | Lost mutation: You are frail. (-10% HP) [mutagenic meat]
  2755 | D:6      | Gained mutation: You are weak. (Str -2) [mutagenic meat]
  2758 | D:6      | Gained mutation: Scrolls take you longer to read. [mutagenic meat]
  2758 | D:6      | Yup, this rng was too good to be true, had to get claws
  2837 | D:7      | Found a snail-covered altar of Cheibriados.
  3016 | D:7      | Reached ** piety under Kikubaaqudgha
  3036 | D:7      | Found Opureyfoe's Book Boutique.
  3157 | D:7      | Reached skill level 9 in Maces & Flails
  4067 | D:8      | Noticed CypherZel's ghost (novice VSFi)
  4078 | D:8      | Killed CypherZel's ghost
  4078 | D:8      | Reached skill level 10 in Maces & Flails
  4078 | D:8      | Reached skill level 5 in Evocations
  4078 | D:8      | Gained mutation: You are mostly covered in thin metallic scales. (AC +3) [demonic ancestry]
  4078 | D:8      | Reached XP level 9. HP: 61/61 MP: 12/14
  4321 | D:9      | Found a staircase to the Lair.
  4384 | D:9      | Reached *** piety under Kikubaaqudgha
  4384 | D:9      | Received a gift from Kikubaaqudgha
  4389 | D:9      | Identified Kikubaaqudgha's Almanac of Darkness (Kikubaaqudgha gifted it to you on level 9 of the Dungeon)
  4426 | D:9      | Learned a level 4 spell: Animate Dead
  4429 | D:9      | Found a roughly hewn altar of Beogh.
  4456 | D:9      | Reached skill level 11 in Maces & Flails
  4456 | D:9      | Reached skill level 1 in Armour
  4859 | D:9      | Noticed Prince Ribbit
  4878 | D:9      | Killed Prince Ribbit
  4878 | D:9      | Reached **** piety under Kikubaaqudgha
  5145 | D:9      | Reached XP level 10. HP: 59/67 MP: 16/16
  5158 | D:9      | Gained mutation: You are robust. (+10% HP) [mutagenic meat]
  5161 | D:9      | Lost mutation: Scrolls take you longer to read. [mutagenic meat]
  5164 | D:9      | Gained mutation: You have a pair of small horns on your head. [mutagenic meat]
  5174 | D:9      | Noticed Psyche
  5181 | D:9      | Killed Psyche
  5530 | Lair:1   | Entered Level 1 of the Lair of Beasts
  5530 | Lair:1   | Noticed a black mamba
  5540 | Lair:1   | Killed a black mamba
  5785 | Lair:1   | Reached skill level 12 in Maces & Flails
  5818 | Lair:1   | Noticed a four-headed hydra
  5825 | Lair:1   | Killed a four-headed hydra
  5825 | Lair:1   | Reached skill level 5 in Dodging
  5909 | Lair:1   | Noticed a spiny frog
  5940 | Lair:1   | Mangled by a komodo dragon

Vault maps used:
D:1:      eino_arrival_cavern_a
D:2:      grunt_temple_overflow_open, first_bread, serial_bayou_pond_d
D:3:      minmay_joined_circles
D:4:      serial_shops, shop, nicolae_shop_stone,
          nicolae_shop_overgrown_old_shop, minmay_liquid_box,
          grunt_ministairs_4, uniq_crazy_yiuf_cottage, uniq_eustachio
D:5:      lemuel_coloured_pillars_altar, corexii_shack
D:7:      lemuel_crystal_altar, serial_shops, nicolae_shop_waterfront
D:8:      serial_shops, shop, serial_glass, glass_columns_b, glass_columns_a,
          minmay_strange_pillars
D:9:      tgw_sif, minmay_lair_entry_lava, uniq_prince_ribbit1, uniq_psyche
Lair:1:   minivault_11, ldierk_geyser, infiniplex_staircase_pool_2,
          grunt_megastairs_1, uniq_grum

Skill      XL: |  1  2  3  4  5  6  7  8  9 10 |
---------------+-------------------------------+-----
Maces & Flails | 3 4 5 6 7 8 10 11 12 | 12.4
Evocations     | 3 5 6 |  6.1
Armour         | 2 4 |  4.1
Dodging        | 3 5 |  5.1
Fighting       | |  2.0
Throwing       | |  1.7

Action                   |  1- 3 |  4- 6 |  7- 9 | 10-12 || total
-------------------------+-------+-------+-------+-------++-------
Melee: Flail             |   110 |    93 |   314 |    94 ||   611
       Headbutt          |       |       |       |    17 ||    17
Throw: Javelin           |    10 |     1 |     3 |       ||    14
       Throwing net      |       |       |     1 |       ||     1
 Abil: Evoke Berserk Rag |       |       |     1 |     3 ||     4
Evoke: Wand              |       |       |       |     5 ||     5
  Use: Scroll            |     4 |     6 |     2 |       ||    12
       Potion            |       |       |     1 |     1 ||     2
 Stab: Sleeping          |     1 |       |       |       ||     1
       Distracted        |       |     1 |     1 |       ||     2
  Eat: Chunk             |     2 |     6 |    11 |    10 ||    29
       Bread ration      |       |       |     1 |       ||     1
Armor: Leather armour    |    48 |    33 |    80 |    11 ||   172
       Ring mail         |       |    24 |       |       ||    24
       Skin              |       |       |    21 |     4 ||    25
Dodge: Dodged            |    85 |    51 |   166 |    45 ||   347
